 Dungeon Crawl Stone Soup version 0.31-a0-1242-g57893ffec4 (webtiles) character file.

Game seed: 7045616114610936067

1009 dertzug the Basher (level 8, -2/70 HPs)
             Began as a Minotaur Monk on Dec 16, 2023.
             Was a Believer of Okawaru.
             Slain by Dowan the river rat (7 damage)
             ... on level 5 of the Dungeon.
             The game lasted 00:05:17 (3430 turns).

dertzug the Basher (Minotaur Monk)                  Turns: 3430, Time: 00:05:18

Health: -2/70      AC:  0    Str: 19    XL:     8   Next: 1%
Magic:  6/7        EV: 16    Int:  7    God:    Okawaru [**....]
Gold:   175        SH:  0    Dex: 12    Spells: 7/7 levels left

rFire   . . .        l - melded +0 flail
rCold   . . .        d - melded orb {light}
rNeg    . . .        f - melded +0 scale mail
rPois   .            (helmet currently unavailable)
rElec   .            (cloak currently unavailable)
rCorr   .            q - melded +0 pair of gloves
SInv    .            (boots currently unavailable)
Will    .....        (no amulet)
Stlth   +            a - melded ring of magical power
HPRegen 0.31/turn    (ring currently unavailable)
MPRegen 0.10/turn

%: no passive effects
@: pig-form, very quick
A: fast, no casting, small, (horns 2), (retaliatory headbutt)
a: Renounce Religion, Heroism


You were on level 5 of the Dungeon.
You worshipped Okawaru.
Okawaru was pleased with you.
You were a filthy swine.
You visited 2 branches of the dungeon, and saw 6 of its levels.

You collected 175 gold pieces.

Inventory:

Hand Weapons
 l - a +0 flail (melded)
Missiles
 h - 20 stones
Armour
 d - an orb of light (melded)
 f - a +0 scale mail (melded)
 q - a +0 pair of gloves (melded)
Jewellery
 a - a ring of magical power (melded)
Wands
 n - a wand of iceblast (5)
 s - a wand of charming (13)
 w - a wand of polymorph (3) (quivered)
Scrolls
 g - 3 scrolls of identify {unknown}
 i - a scroll of silence {unknown}
 j - a scroll of fear {unknown}
 r - a scroll of amnesia {unknown}
 u - a scroll of revelation {unknown}
Potions
 b - a potion of brilliance {unknown}
 c - a potion of ambrosia
 e - 2 potions of lignification {unknown}
 k - 3 potions of curing {unknown}
 m - a potion of haste {unknown}
 o - a potion of enlightenment {unknown}
 p - a potion of mutation {unknown}
 t - a potion of cancellation {unknown}
 v - a potion of berserk rage {unknown}
 x - a potion of invisibility {unknown}


   Skills:
 + Level 5.6 Fighting
 + Level 8.3 Maces & Flails
 + Level 1.4 Throwing
 + Level 4.6 Armour
 + Level 4.9 Dodging
 + Level 0.6 Stealth
 + Level 0.2 Evocations


You had 7 spell levels left.
You didn't know any spells.
Your spell library contained the following spells:

 Spells                   Type           Power      Damage    Failure   Level
 Sting                    Tmut/Pois      0%         1d3       43%         1
 Poisonous Vapours        Pois/Air       0%         N/A       56%         2
 Mephitic Cloud           Conj/Pois/Air  0%         N/A       80%         3
 Olgreb's Toxic Radiance  Pois           0%         N/A       99%         4
 Freezing Cloud           Conj/Ice/Air   0%         6-21      100%        5


Dungeon Overview and Level Annotations

Branches:
Dungeon (5/15)             Temple (1/1) D:4

Altars:
Ashenzari
Cheibriados
Dithmenos
Elyvilon
Fedhas
Gozag
Kikubaaqudgha
Nemelex Xobeh
Okawaru
Qazlal
Ru
Trog
Uskayaw
Wu Jian
Xom
Yredelemnul

Annotations:
D:4 1 exclusion
D:5 Dowan


Innate Abilities, Weirdness & Mutations

You are a filthy swine.
You move quickly.
Your equipment is almost entirely melded.
You are incapable of wielding weapons or throwing items.
You cannot cast spells.
((You have a pair of horns on your head.))
((You reflexively headbutt those who attack you in melee.))


Message History

You closely miss Dowan.
Dowan is moderately wounded.
Dowan completely misses you. Dowan hits you with a +0 dagger.
You closely miss Dowan.
Dowan is moderately wounded.
Dowan casts a spell.
Dowan blinks!
Dowan points at you and mumbles some strange words.
The shard of ice hits you!!
Dowan mumbles some strange words.
Dowan blinks!
Dowan barely misses you.
You hit Dowan but do no damage.
Dowan is moderately wounded.
Dowan misses you. Dowan barely misses you.
You hit Dowan but do no damage.
Dowan is moderately wounded.
You feel like a meek peon again. Dowan hits you with a +0 dagger!
* * * LOW HITPOINT WARNING * * *
You closely miss Dowan.
Dowan is moderately wounded.
Dowan hits you with a +0 dagger.
* * * LOW HITPOINT WARNING * * *
Aiming: Polymorph
Press: ? - help, Q - select action, (/) - cycle Shift-Dir - straight line, f/p - Dowan
Aim: Dowan, wielding a +0 dagger, wearing a +0 robe and carrying a wand of polymorph (moderately wounded, fast, will become a water moccasin, an iguana, or a river rat, chance to affect: 49%) Dowan resists with some effort.
Dowan closely misses you. Dowan hits you with a +0 dagger.
* * * LOW HITPOINT WARNING * * *
Unknown command.
Aiming: Polymorph
Press: ? - help, Q - select action, (/) - cycle Shift-Dir - straight line, f/p - Dowan
Aim: Dowan, wielding a +0 dagger, wearing a +0 robe and carrying a wand of polymorph (moderately wounded, fast, will become a water moccasin, an iguana, or a river rat, chance to affect: 49%) Dowan evaporates and reforms as a river rat!
Dowan bites you!
* * * LOW HITPOINT WARNING * * *
Unknown command.
You closely miss Dowan. Dowan bites you!
You die...

#.# #.# #.# #.#
########.# #######.#
#### #........#
###....)..# #...
#.########
#.....##########...
#.#
##..................
##.#
#......###########..
##..# ##..r..# ##.#
#...# ###.h...# #..#
...## #.....### #.##
#..# ####### #.#
.#.# #.# #.## #.#
##.# #.# ### #.# #.#
#.#


You could see Dowan the river rat.

Vanquished Creatures
  Grinder (D:3)
  Duvessa (D:5)
  A phantom (D:4)
  2 scorpions
  A howler monkey (D:4)
  2 hounds
  3 orc priests (D:4)
  A sleepcap (D:4)
  Ijyb (D:3)
  2 iguanas (D:4)
  An orc wizard (D:5)
  8 adders
  A gnoll (D:1)
  A white imp (D:5)
  4 worms
  5 dart slugs
  5 orcs
  2 ball pythons (D:1)
  6 bats
  9 endoplasms
  2 giant cockroaches (D:1)
  4 goblins
  4 hobgoblins
  6 jackals
  10 kobolds
  4 quokkas
  3 frilled lizards
  5 rats
95 creatures vanquished.

Notes
Turn   | Place    | Note
-------+----------+-------------------------------------------
     0 | D:1      | dertzug the Minotaur Monk began the quest for the Orb.
     0 | D:1      | Reached XP level 1. HP: 19/19 MP: 0/0
   118 | D:1      | Found a faded altar of an unknown god.
   125 | D:1      | Reached XP level 2. HP: 24/27 MP: 1/1
   131 | D:1      | Reached skill level 4 in Maces & Flails
   167 | D:1      | Reached XP level 3. HP: 10/33 MP: 2/2
   732 | D:2      | Found a basalt altar of Yredelemnul.
   811 | D:2      | Reached XP level 4. HP: 41/41 MP: 3/3
  1347 | D:3      | Reached skill level 1 in Armour
  1499 | D:3      | Noticed Grinder
  1510 | D:3      | Paralysed by Grinder for 2 turns
  1520 | D:3      | Reached skill level 5 in Maces & Flails
  1521 | D:3      | Killed Grinder
  1522 | D:3      | Reached skill level 6 in Maces & Flails
  1522 | D:3      | Reached skill level 1 in Throwing
  1522 | D:3      | Reached XP level 5. HP: 5/47 MP: 4/4
  1522 | D:3      | Reached XP level 6. HP: 5/55 MP: 5/5
  1888 | D:3      | Noticed Ijyb
  1901 | D:3      | Killed Ijyb
  2048 | D:4      | Reached skill level 5 in Fighting
  2251 | D:4      | Reached XP level 7. HP: 61/61 MP: 6/6
  2376 | D:4      | Found a staircase to the Ecumenical Temple.
  2430 | Temple   | Entered the Ecumenical Temple
  2438 | Temple   | Became a worshipper of Warmaster Okawaru
  2438 | Temple   | Reached * piety under Okawaru
  2438 | Temple   | Reached ** piety under Okawaru
  2495 | D:4      | Reached skill level 7 in Maces & Flails
  2989 | D:5      | Entered Level 5 of the Dungeon
  3080 | D:5      | Reached skill level 8 in Maces & Flails
  3115 | D:5      | Found a snail-covered altar of Cheibriados.
  3287 | D:5      | Found a shimmering altar of Xom.
  3393 | D:5      | Noticed Duvessa
  3396 | D:5      | Noticed Dowan
  3401 | D:5      | Killed Duvessa
  3402 | D:5      | Reached XP level 8. HP: 66/70 MP: 7/7
  3429 | D:5      | Dowan changed into Dowan the river rat
  3429 | D:5      | Noticed Dowan
  3430 | D:5      | Slain by Dowan the river rat

Illustrated notes

Levels and vault maps discovered:
D:1:      dpeg_arrival_water_temple_mockup, layout_rooms,
          ebering_ecumenical_altar_petrified
D:2:      wander_river, layout_basic, basic_altar, hangedman_feature_mirror,
          st_stairs_3
D:3:      layout_loops_ring, kennysheep_generic_room_4, uniq_ijyb, uniq_grinder
D:4:      minmay_door_path, layout_loops_cross, minmay_temple_entry_junction,
          serial_glass, glass_columns_b, glass_columns_a, glass_columns_b,
          glass_columns_c, glass_columns_b, glass_columns_b, glass_columns_c,
          glass_columns_b, glass_columns_a, glass_columns_a,
          minmay_strange_pillars, feat_on_display, due_unseen_surprise,
          item_on_display_a
D:5:      layout_loops_ring, kennysheep_slug_shrine, bloody_makhleb,
          xom_butterflies, goddamned_bats, uniq_duvessa
Temple:   nicolae_temple_two_arcs

Skill      XL: |  1  2  3  4  5  6  7 |
---------------+----------------------+-----
Fighting       | 4 5 |  5.6
Maces & Flails | 4 6 8 |  8.3
Dodging        | 4 |  4.9
Armour         | 2 3 4 |  4.6
Throwing       | 1 |  1.4
Stealth        | |  0.6
Evocations     | |  0.2

Action                     |  1- 3 |  4- 6 |  7- 9 || total
---------------------------+-------+-------+-------++-------
  Melee: Mace              |    68 |    14 |       ||    82
         Headbutt          |    11 |    22 |    13 ||    46
         Flail             |       |    81 |    50 ||   131
         Unarmed           |       |       |    10 ||    10
  Throw: Stone             |     4 |    12 |     4 ||    20
 Invoke: Heroism           |       |       |     1 ||     1
  Evoke: Wand              |       |     2 |     2 ||     4
 Armour: Robe              |    31 |       |       ||    31
         Scale mail        |    11 |    46 |    30 ||    87
         Skin              |       |       |    10 ||    10
  Dodge: Dodged            |    65 |    40 |    30 ||   135

Table legend: (Time is in decaauts)
 A = Elapsed time spent in this place.
 B = Non-inter-level travel time spent in this place.
 C = Inter-level travel time spent in this place.
 D = Time resting spent in this place.
 E = Time spent auto-exploring this place.
 F = Levels seen in this place.
 G = Mean time per level.
                   A        B        C        D        E       F      G
               +--------+--------+--------+--------+--------+-----+--------+
         Total |   3479 |   3301 |    178 |    307 |   2390 |   6 |  579.8 |
       Dungeon |   3462 |   3293 |    169 |    307 |   2390 |   5 |  692.4 |
        Temple |     16 |      8 |      8 |      0 |      0 |   1 |   16.0 |
               +--------+--------+--------+--------+--------+-----+--------+

Top non-repeatable levels by time:
     D:4: 937 daAuts
     D:3: 785 daAuts
     D:2: 734 daAuts
     D:1: 563 daAuts
     D:5: 441 daAuts
  Temple: 16 daAuts
